 Dungeon Crawl Stone Soup version 0.29-a0-670-g5ff2a30383 (webtiles) character file.

Game seed: 15946449586805834169

595 PentaManta the Archer (level 7, -2/33 HPs)
             Began as a Spriggan Hunter on June 24, 2022.
             Slain by an iguana (13 damage)
             ... on level 5 of the Dungeon.
             The game lasted 00:05:39 (3809 turns).

PentaManta the Archer (Spriggan Hunter)             Turns: 3809, Time: 00:05:40

Health: -2/33      AC:  2    Str:  7    XL:     7   Next: 16%
Magic:  8/8        EV: 18    Int: 10    God:
Gold:   251        SH:  0    Dex: 21    Spells: 6/6 levels left

rFire   . . .      SeeInvis +   a - +2 shortbow
rCold   . . .      Faith    .   (shield currently unavailable)
rNeg    . . .      Spirit   .   b - +0 robe
rPois   .          Reflect  .   (helmet restricted)
rElec   .          Harm     .   (no cloak)
rCorr   .          Rampage  .   (gloves unavailable)
Will    +....                   (boots unavailable)
Stlth   ++........              (no amulet)
HPRegen 0.11/turn               (no ring)
MPRegen 0.11/turn               (no ring)

@: very quick
A: very small, no large weapons, unfitting armour, see invisible, speed 3
a: no special abilities


You were on level 5 of the Dungeon.
You visited 1 branch of the dungeon, and saw 5 of its levels.

You collected 251 gold pieces.

Inventory:

Hand Weapons
 a - a +2 shortbow (weapon)
 s - a +1 dagger of electrocution
Armour
 b - a +0 robe (worn)
Wands
 e - a wand of flame (21)
 l - a wand of mindburst (10)
 q - a wand of paralysis (8)
Scrolls
 c - 2 scrolls of immolation
 d - a scroll of enchant armour {unknown}
 f - a scroll of teleportation
 o - 3 scrolls of amnesia
 p - a scroll of fear {unknown}
 r - a scroll of identify
Potions
 g - a potion of degeneration
 h - 3 potions of haste {unknown}
 i - 2 potions of brilliance {unknown}
 j - 2 potions of invisibility {unknown}
 k - a potion of berserk rage {unknown}
 m - 2 potions of curing {unknown}


   Skills:
 - Level 1.5 Fighting
 + Level 10.4 Bows
 - Level 2.6 Dodging
 - Level 1.5 Stealth


You had 6 spell levels left.
You didn't know any spells.
Your spell library contained the following spells:

 Spells                   Type           Power      Damage    Failure   Level
 Necrotize                Necr           0%         1d4       36%         1
 Blink                    Tloc           0%         N/A       50%         2
 Vampiric Draining        Necr           0%         2d6       75%         3
 Agony                    Necr           0%         N/A       100%        5
 Manifold Assault         Tloc           0%         N/A       100%        5
 Storm Form               Tmut/Air       0%         N/A       100%        7


Dungeon Overview and Level Annotations

Branches:
Dungeon (5/15)
 Temple: D:4-7

Altars:
Hepliaklqana
Ru


Innate Abilities, Weirdness & Mutations

You are very small and have problems with some larger weapons.
You are too small for most types of armour.
You have supernaturally acute eyesight. (SInv)
You cover ground extremely quickly. (Speed+++)


Message History

You add the spells Blink, Manifold Assault and Storm Form to your library.
You see here a +0 short sword.
Things that are here:
a dart slug corpse; a hound corpse You see here a +0 flail.
Done exploring.
Done exploring.
Done exploring.
No target in view!
There is a stone staircase leading down here.
You climb downwards.
The ufetubus shouts!
You hear an angry hiss.
There is a stone staircase leading up here.
An ufetubus is nearby!
You shoot an arrow.
The arrow completely misses the ufetubus.
An iguana comes into view.
You shoot an arrow. The arrow hits the iguana!
The iguana is heavily wounded.
The ufetubus barely misses you. The ufetubus hits you.
You shoot an arrow. The arrow hits the ufetubus.
The ufetubus is lightly wounded.
The ufetubus completely misses you. The ufetubus barely misses you.
You shoot an arrow. The arrow hits the ufetubus!
You kill the ufetubus!
You hear an angry hiss.
An adder comes into view.
You shoot an arrow. The arrow hits the iguana.
The iguana is severely wounded.
The iguana barely misses you.
You shoot an arrow. The arrow barely misses the iguana.
The arrow closely misses the adder.
The iguana bites you!
You shoot an arrow. The arrow hits the iguana.
The iguana is severely wounded.
The iguana bites you!
You are too injured to fight recklessly!
You are too injured to fight recklessly!
You are too injured to fight recklessly!
The iguana bites you!
You die... .. .# .# .# .# # .# ..###r##.# .....Sl@.# .####.#### #

You could see an iguana, an adder and a quokka.

Vanquished Creatures
  The ghost of capka3m the Magician, an amateur MeEE (D:3)
  Blork the orc (D:4)
  A jelly (D:4)
  An orc priest (D:4)
  A hound (D:4)
  An iguana (D:4)
  Terence (D:2)
  An orc wizard (D:3)
  7 gnolls (D:4)
  9 adders
  An ufetubus (D:5)
  2 worms (D:4)
  2 dart slugs
  10 orcs
  11 ball pythons
  7 endoplasms
  4 giant cockroaches
  12 hobgoblins
  2 jackals (D:1)
  4 quokkas
  9 bats
  3 frilled lizards
  8 goblins
  11 kobolds
  6 rats
116 creatures vanquished.

Vanquished Creatures (others)
  A plant (D:1)
1 creature vanquished.

Grand Total: 117 creatures vanquished

Notes
Turn   | Place    | Note
-------+----------+-------------------------------------------
     0 | D:1      | PentaManta the Spriggan Hunter began the quest for the Orb.
     0 | D:1      | Reached XP level 1. HP: 10/10 MP: 2/2
    33 | D:1      | Reached skill level 5 in Bows
   137 | D:1      | Reached XP level 2. HP: 11/14 MP: 3/3
   531 | D:1      | Reached skill level 6 in Bows
   680 | D:1      | Reached XP level 3. HP: 18/18 MP: 4/4
   993 | D:2      | Found a faded altar of an unknown god.
  1556 | D:2      | Reached XP level 4. HP: 20/22 MP: 5/5
  1698 | D:2      | Noticed Terence
  1723 | D:2      | Killed Terence
  1724 | D:2      | Reached skill level 7 in Bows
  1818 | D:3      | Found a runed translucent door.
  1819 | D:3      | Noticed capka3m's ghost (amateur MeEE)
  2132 | D:3      | Reached XP level 5. HP: 25/25 MP: 6/6
  2168 | D:3      | Reached skill level 8 in Bows
  2519 | D:3      | Killed capka3m's ghost
  2584 | D:4      | Reached XP level 6. HP: 30/30 MP: 7/7
  2608 | D:4      | Reached skill level 9 in Bows
  2823 | D:4      | Noticed Blork the orc
  2854 | D:4      | Found a sacrificial altar of Ru.
  2856 | D:4      | Found a hazy altar of Hepliaklqana.
  3119 | D:4      | Killed Blork the orc
  3373 | D:4      | Reached skill level 10 in Bows
  3394 | D:4      | Reached XP level 7. HP: 33/33 MP: 8/8
  3801 | D:5      | Entered Level 5 of the Dungeon
  3809 | D:5      | Slain by an iguana

Illustrated notes

Levels and vault maps discovered:
D:1:      kennysheep_arrival_seaside, layout_loops_ring, lexackson_kobold_supper
D:2:      layout_basic, ebering_ecumenical_altar_webs, uniq_terence
D:3:      layout_loops_ring, ebering_ghost_reflecting_pool
D:4:      layout_basic, nicolae_overflow_hidden_temple,
          grunt_temple_overflow_open, cheibrodos_sewer_entry_bend,
          uniq_blork_the_orc
D:5:      layout_loops_ring, grunt_dithmenos_smoke_and_mirrors,
          minmay_temple_entry_offerings, uniq_edmund, uniq_ijyb

Skill      XL: |  1  2  3  4  5  6 |
---------------+-------------------+-----
Bows           | 5 6 7 8 10 | 10.4
Fighting       | |  1.5
Dodging        | |  2.6
Stealth        | |  1.5

Action                   |  1- 3 |  4- 6 |  7- 9 || total
-------------------------+-------+-------+-------++-------
 Fire: Shortbow          |   101 |   160 |    45 ||   306
  Use: Scroll            |       |     5 |       ||     5
Armor: Robe              |     6 |     1 |     1 ||     8
Dodge: Dodged            |    34 |    49 |    10 ||    93

Table legend: (Time is in decaauts)
 A = Elapsed time spent in this place.
 B = Non-inter-level travel time spent in this place.
 C = Inter-level travel time spent in this place.
 D = Time resting spent in this place.
 E = Time spent auto-exploring this place.
 F = Levels seen in this place.
 G = Mean time per level.
                   A        B        C        D        E       F      G
               +--------+--------+--------+--------+--------+-----+--------+
         Total |   2854 |   2755 |     99 |    314 |   1897 |   5 |  570.8 |
       Dungeon |   2854 |   2755 |     99 |    314 |   1897 |   5 |  570.8 |
               +--------+--------+--------+--------+--------+-----+--------+

Top non-repeatable levels by time:
     D:3: 922 daAuts
     D:1: 702 daAuts
     D:4: 625 daAuts
     D:2: 596 daAuts
     D:5: 7 daAuts
